 Dungeon Crawl Stone Soup version 0.26-a0-682-g294304f6e8 (webtiles) character file.

Game seed: 4127208167715362744

481 Maimakterion the Conjurer (level 7, -7/41 HPs)
             Began as an Octopode Conjurer on Oct 20, 2020.
             Was an Initiate of Gozag.
             Mangled by a yak (13 damage)
             ... on level 4 of the Dungeon.
             The game lasted 00:05:54 (4976 turns).

Maimakterion the Conjurer (Octopode Conjurer)       Turns: 4976, Time: 00:05:54

Health: -7/41      AC:  1    Str:  6    XL:     7   Next: 12%
Magic:  3/12       EV: 11    Int: 22    God:    Gozag
Gold:   174        SH:  9    Dex: 11    Spells: 6/13 levels left

rFire    + . .     SeeInvis .   c - +3 short sword
rCold    . . .     Faith    .   f - +1 kite shield
rNeg     . . .     Spirit   .   (helmet restricted)
rPois    .         Reflect  .   (no amulet)
rElec    .         Harm     .   j - ring of protection from fire
rCorr    .         Rampage  .   (no ring)
MR       .....                  (no ring)
Stlth    +++.......             (no ring)
HPRegen  0.13/turn              (no ring)
MPRegen  0.13/turn              (no ring)
                                (no ring)
                                (no ring)

@: mighty, gold aura
A: almost no armour, stealthy swim, amphibious, 8 rings, constrict 8, camouflage
1, gelatinous body 1
a: Potion Petition, Call Merchant, Bribe Branch, Renounce Religion


You were on level 4 of the Dungeon.
You worshipped Gozag.
Gozag was aware of your devotion.
You visited 2 branches of the dungeon, and saw 5 of its levels.

You collected 256 gold pieces.
You paid 82 gold pieces to Gozag.

Inventory:

Hand Weapons
 c - a +3 short sword (weapon)
Armour
 f - a +1 kite shield (worn)
Jewellery
 j - a ring of protection from fire (left tentacle)
Scrolls
 b - a scroll of enchant armour
 e - a scroll of fog
 h - a scroll of remove curse
 k - a scroll of magic mapping {unknown}
 l - a scroll of amnesia {unknown}
 p - a scroll of noise {unknown}
Potions
 a - a potion of cancellation
 g - 2 potions of magic
 i - 3 potions of resistance {unknown}
 o - 2 potions of brilliance {unknown}
 q - a potion of curing {unknown}


   Skills:
 - Level 2.0 Dodging
 - Level 2.6 Stealth
 * Level 3.6 Shields
 + Level 3.8 Spellcasting
 + Level 6.0 Conjurations
 * Level 1.4 Translocations


You had 6 spell levels left.
You knew the following spells:

 Your Spells              Type           Power        Failure   Level
a - Magic Dart            Conj           ####         4%          1
b - Searing Ray           Conj           ####..       6%          2
c - Iskenderun's Mystic   Conj/Tloc      ###.....     71%         4

Your spell library contained the following spells:

 Spells                   Type           Power        Failure   Level
 Dazzling Flash           Conj/Hex       ###...       41%         3
 Fulminant Prism          Conj/Hex       ###.......   82%         4


Dungeon Overview and Level Annotations

Branches:
Dungeon (4/15)             Temple (1/1) D:4

Altars:
Ashenzari
Dithmenos
Elyvilon
Fedhas
Gozag
Makhleb
Nemelex Xobeh
Okawaru
Qazlal
Sif Muna
Trog
Uskayaw
Vehumet
Wu Jian
Yredelemnul
Zin
The Shining One


Innate Abilities, Weirdness & Mutations

You cannot wear most types of armour.
You are very stealthy in the water. (Stealth+)
You are amphibious.
You can wear up to eight rings at the same time.
You can use your tentacles to constrict eight enemies at once.
Your skin changes colour to match your surroundings (Stealth+).
Your rubbery body absorbs attacks. (AC +1, EV +1)


Message History

You take 9 damage, and have 20/36 hp.
MASSIVE DAMAGE!!
You are too injured to fight recklessly!
You hit the yak.
The yak is almost dead.
You block the yak's attack.
You feel very mighty all of a sudden. You block the yak's attack.
You puncture the yak!
You kill the yak!
Your Conjurations skill increases to level 6!
You have reached level 7!
You regained 3 hp, and now have 23/41 hp.
You barely miss the yak.
The yak is heavily wounded.
The yak gores you!
* * * LOW HITPOINT WARNING * * *
The yak becomes distracted by the nearby gold, dreaming of imaginary riches.
The yak gores you!
You die...
Your body crumbles into a pile of gold.

................).#Y....# $
..................#.....#
###..##..##..##'###.Y...########
###..##..######...#............#
.............[)...'............#
.................Y#............#
.................Y#............#
.####....########YY....^.......#
.#########......@######......###
....# #.......# #<.....# ....#
#.......# #......# ....#
#.......# #......# ....#
#.......# #......# ....#
#.......# #......# ....#
#.......# #......# #####
#.......# #......# #########
########


You could see 4 yaks.

Vanquished Creatures
  A yak (D:4)
  A hound (D:4)
  2 orc wizards (D:3)
  3 worker ants (D:4)
  A hound skeleton (D:4)
  4 gnolls (D:2)
  5 adders
  An ooze (D:2)
  An adder skeleton (D:4)
  2 worms
  2 dart slugs
  3 leopard geckos
  8 orcs
  7 bats
  4 giant cockroaches
  3 hobgoblins
  9 jackals
  2 ball pythons
  2 frilled lizards
  6 goblins
  5 kobolds
  4 rats
76 creatures vanquished.

Notes
Turn   | Place    | Note
-------+----------+-------------------------------------------
     0 | D:1      | Maimakterion the Octopode Conjurer began the quest for the
                  | Orb.
     0 | D:1      | Reached XP level 1. HP: 11/11 MP: 3/3
   380 | D:1      | Reached XP level 2. HP: 17/17 MP: 1/5
   771 | D:1      | Learned a level 2 spell: Searing Ray
  1625 | D:2      | Found a shimmering blue altar of Sif Muna.
  1636 | D:2      | Reached XP level 3. HP: 21/21 MP: 2/6
  1839 | D:2      | Reached skill level 5 in Conjurations
  1876 | D:2      | Reached XP level 4. HP: 22/27 MP: 2/7
  1932 | D:2      | Reached skill level 1 in Shields
  2824 | D:3      | Reached XP level 5. HP: 25/31 MP: 9/9
  2870 | D:3      | HP: 1/31 [orc/+0 war axe (4)]
  3294 | D:3      | Learned a level 4 spell: Iskenderun's Mystic Blast
  3779 | D:4      | Found a staircase to the Ecumenical Temple.
  3791 | Temple   | Entered the Ecumenical Temple
  3798 | Temple   | Became a worshipper of Gozag Ym Sagoz the Greedy
  3814 | D:4      | Found an ornate altar of the Wu Jian Council.
  3840 | D:4      | Reached XP level 6. HP: 30/36 MP: 9/11
  4116 | D:4      | Noticed a yak
  4118 | D:4      | Noticed a yak
  4118 | D:4      | Noticed a yak
  4118 | D:4      | Noticed a yak
  4118 | D:4      | Noticed a yak
  4697 | D:4      | Reached skill level 1 in Translocations
  4946 | D:4      | Noticed a yak
  4975 | D:4      | Killed a yak
  4975 | D:4      | Reached skill level 6 in Conjurations
  4975 | D:4      | Reached XP level 7. HP: 23/41 MP: 3/12
  4976 | D:4      | Mangled by a yak

Illustrated notes

Levels and vault maps discovered:
D:1:      matt_arrival_diagonals, layout_basic, hex_large
D:2:      layout_basic, lemuel_doored_altar
D:3:      layout_basic
D:4:      layout_gridville, kennysheep_mini_moat, minmay_temple_entry_mist,
          small_statue_alley_b, chequers_serial_rivers_micro_a,
          kennysheep_small_circle
Temple:   nicolae_temple_no_exploring_needed

Skill      XL: |  1  2  3  4  5  6 |
---------------+-------------------+-----
Conjurations   | 5 6 |  6.0
Shields        | 1 2 3 |  3.6
Spellcasting   | 3 |  3.8
Translocations | 1 |  1.4
Dodging        | |  2.0
Stealth        | |  2.6

Action                   |  1- 3 |  4- 6 |  7- 9 || total
-------------------------+-------+-------+-------++-------
Melee: Unarmed           |    53 |    46 |       ||    99
       Constrict         |    14 |    22 |       ||    36
       Tentacles         |     6 |    14 |       ||    20
       Flail             |       |    43 |       ||    43
       Short sword       |       |     7 |     1 ||     8
 Cast: Magic Dart        |    36 |    17 |       ||    53
       Searing Ray       |     1 |    15 |       ||    16
  Use: Potion            |     1 |     2 |       ||     3
       Scroll            |       |     7 |       ||     7
 Stab: Sleeping          |     2 |     4 |       ||     6
Armor: Skin              |     7 |    17 |       ||    24
Dodge: Dodged            |    51 |    70 |       ||   121
Block: Kite shield       |    14 |    59 |       ||    73

Table legend: (Time is in decaauts)
 A = Elapsed time spent in this place.
 B = Non-inter-level travel time spent in this place.
 C = Inter-level travel time spent in this place.
 D = Time resting spent in this place.
 E = Time spent auto-exploring this place.
 F = Levels seen in this place.
 G = Mean time per level.
                   A        B        C        D        E       F      G
               +--------+--------+--------+--------+--------+-----+--------+
         Total |   5004 |   4868 |    136 |   1615 |   2546 |   5 | 1000.8 |
       Dungeon |   4989 |   4866 |    123 |   1615 |   2546 |   4 | 1247.2 |
        Temple |     14 |      1 |     13 |      0 |      0 |   1 |   14.0 |
               +--------+--------+--------+--------+--------+-----+--------+

Top non-repeatable levels by time:
     D:1: 1568 daAuts
     D:3: 1283 daAuts
     D:2: 1171 daAuts
     D:4: 966 daAuts
  Temple: 14 daAuts
